 Dungeon Crawl Stone Soup version 0.31-a0-986-g5e6e4ef867 (webtiles) character file.

Game seed: 5597752515692446043

67399 Forgeling the Cardsharp (level 16, -12/134 HPs)
             Began as a Meteoran Fighter on Nov 13, 2023.
             Was a High Priest of Nemelex Xobeh.
             Mangled by an orc knight
             ... wielding a +0 battleaxe
              (33 damage)
             ... on level 2 of the Orcish Mines.
             The game lasted 01:01:52 (7075 turns).

Forgeling the Cardsharp (Meteoran Fighter)          Turns: 7075, Time: 01:01:53

Health: -12/134    AC: 13    Str: 24    XL:     16   Next: 13%
Magic:  0/37       EV: 12    Int: 12    God:    Nemelex Xobeh [*****.]
Gold:   721        SH: 10    Dex: 14    Spells: 15/15 levels left

rFire   + . .        a - +10 broad axe
rCold   . . .        D - +0 kite shield
rNeg    . . .        E - +5 moon troll leather armour {Spirit, Regen++ MP+5}
rPois   .            g - +0 helmet
rElec   .            (no cloak)
rCorr   +            b - +0 pair of gloves
SInv    +            h - +0 pair of boots
Will    ++...        x - amulet of faith
Stlth   +            f - ring of see invisible
HPRegen 2.02/turn    K - ring of Royalty {Fly rF+ rCorr}
MPRegen 0.25/turn

%: guardian spirit, faith
@: flying, glowing, studying Axes
A: sense surroundings 2, otherworldly, glowing, explore regen
a: Renounce Religion, Draw Escape, Draw Destruction, Draw Summoning, Triple
Draw, Deal Four, Stack Five


You were on level 2 of the Orcish Mines.
You worshipped Nemelex Xobeh.
Nemelex Xobeh was extremely pleased with you.
You visited 4 branches of the dungeon, and saw 23 of its levels.
You also visited: Bailey.

You collected 896 gold pieces.
You spent 175 gold pieces at shops.

Inventory:

Hand Weapons
 a - a +10 broad axe (weapon)
 k - the +6 short sword "Niatyom" {freeze, rPois rF+ Dex+4}
   (You found it on level 2 of the Dungeon)

   Dex+4:     It affects your dexterity (+4).
   rF+:       It protects you from fire.
   rPois:     It protects you from poison
Missiles
 m - 7 silver javelins
 p - 12 boomerangs
 t - 34 poisoned darts (quivered)
 u - 3 throwing nets
 w - 4 javelins
 y - 6 curare-tipped darts
 S - an atropa-tipped dart
Armour
 b - a +0 pair of gloves (worn)
 d - a +2 chain mail of cold resistance
 g - a +0 helmet (worn)
 h - a +0 pair of boots (worn)
 D - a +0 kite shield (worn)
 E - the +5 moon troll leather armour (worn) {Spirit, Regen++ MP+5}
   (You found it on level 9 of the Dungeon)

   MP+5:      It affects your magic capacity (+5).
   Regen++:   It increases your rate of health regeneration.
Jewellery
 f - a ring of see invisible (left hand)
 x - an amulet of faith (around neck)
 K - the ring of Royalty (right hand) {Fly rF+ rCorr}
   (You found it on level 15 of the Dungeon)

   [ring of flight]

   rF+:       It protects you from fire.
   Fly:       It grants you flight.
   rCorr:     It protects you from acid and corrosion.
 O - a ring of ice
 T - a +5 ring of evasion
Wands
 e - a wand of charming (12)
 j - a wand of polymorph (10)
 q - a wand of flame (9)
Scrolls
 c - 2 scrolls of noise
 i - a scroll of acquirement {unknown}
 l - 2 scrolls of fear {unknown}
 n - a scroll of amnesia {unknown}
 o - 2 scrolls of enchant weapon {unknown}
 F - a scroll of fog
 G - 3 scrolls of enchant armour
 I - a scroll of butterflies {unknown}
 P - 6 scrolls of poison
 V - 3 scrolls of vulnerability
 Y - 7 scrolls of teleportation {@r3}
Potions
 r - a potion of enlightenment {unknown}
 z - 2 potions of mutation {unknown}
 A - 4 potions of attraction
 B - 2 potions of brilliance
 C - a potion of invisibility {unknown}
 H - 5 potions of haste
 J - 4 potions of curing {@q1}
 L - a potion of cancellation {unknown}
 M - 4 potions of might
 N - 2 potions of heal wounds {@q2}
 Q - 2 potions of magic
 R - 4 potions of resistance
Miscellaneous
 s - a tin of tremorstones (2/2)
 v - a lightning rod (4/4)


   Skills:
 - Level 10.0 Fighting
 + Level 13.3(15.4) Axes
 - Level 14.0(16.5) Maces & Flails
 - Level 6.0 Throwing
 - Level 10.0 Armour
 - Level 5.0 Dodging
 - Level 6.2 Shields
 - Level 22.0 Invocations
 - Level 7.0 Evocations


You had 15 spell levels left.
You didn't know any spells.
Your spell library contained the following spells:

 Spells                   Type           Power      Damage    Failure   Level
 Apportation              Tloc           0%         N/A       58%         1
 Necrotise                Necr           0%         1d4       58%         1
 Summon Small Mammal      Summ           0%         N/A       58%         1
 Call Canine Familiar     Summ           0%         N/A       91%         3
 Hailstorm                Conj/Ice       0%         3d3       91%         3
 Ozocubu's Armour         Ice            0%         N/A       91%         3
 Summon Guardian Golem    Hex/Summ       0%         N/A       91%         3
 Summon Ice Beast         Ice/Summ       0%         N/A       100%        4
 Metabolic Englaciation   Hex/Ice        0%         N/A       100%        5
 Simulacrum               Ice/Necr       0%         N/A       100%        6
 Ozocubu's Refrigeration  Ice            0%         4d7       100%        7


Dungeon Overview and Level Annotations

Branches:
Dungeon (15/15) Zot: 5068  Temple (1/1) D:4 Zot: 527    Lair (5/5) D:11 Zot: 1003
 Shoals (0/4) Lair:2        Slime (0/5) Lair:4          Orc (2/2) D:9 Zot: 347
    Elf (0/3) Orc:2        Vaults (0/5) D:14         Bailey (visited)
  Snake: Lair:2-3    Spider: Lair:2-3    Depths: D:15

Altars:
Ashenzari
Dithmenos
Elyvilon
Fedhas
Gozag
Hepliaklqana
Makhleb
Nemelex Xobeh
Okawaru
Qazlal
Sif Muna
Trog
Uskayaw
Vehumet
Wu Jian
Xom
Yredelemnul
Zin

Shops:
D:6 (   Orc:2 **

Portals:
Trove: D:15 (show abyssal rune of Zot)

Annotations:
D:4 Menkaure, Pikel
D:11 1 transporter
Lair:3 1 runed translucent door, Persephone's ghost, journeyman DsBe
Lair:4 1 runed translucent door, Agan's ghost, journeyman MeSh


Innate Abilities, Weirdness & Mutations

You passively map the area around you.
You are easily found by Zot.
You glow in the dark.
You regain HP and MP as you explore.


Message History

Press: ? - help, Shift-Dir - straight line, f - orc priest
Aim: an orc priest, wielding a +0 dagger (strong)
The wavering orb of destruction weakly hits the soul eater!!
The soul eater is severely wounded.
You draw a card...
You have drawn Vitriol.
Press: ? - help, Shift-Dir - straight line, f/p - orc priest
Aim: an orc priest, wielding a +0 dagger (strong)
The bolt of acid hits the soul eater!!
You kill the soul eater!
The soul eater disappears in a puff of smoke!
The bolt of acid hits the orc sorcerer!!!
The acid corrodes the orc sorcerer!
You kill the orc sorcerer!
The bolt of acid hits the orc priest!!!
You kill the orc priest!
You slash the orc knight!
The orc knight is lightly wounded.
You closely miss the orc knight.
The orc knight hits you with a +0 battleaxe!!!
* * * LOW HITPOINT WARNING * * *
You slice the orc knight!!
The orc knight is heavily wounded.
You hit the orc knight but do no damage.
The orc knight hits you with a +0 battleaxe!
* * * LOW HITPOINT WARNING * * *
You slash the orc knight!
The orc knight is severely wounded.
You closely miss the orc knight. You slash the orc knight!
The orc knight is almost dead.
You hit the orc knight but do no damage.
The orc knight hits you with a +0 battleaxe!!
* * * LOW HITPOINT WARNING * * *
You slash the orc knight!
You kill the orc knight!
You barely miss the orc knight.
The orc knight hits you with a +0 battleaxe!!!
You die...
Your body glows slightly brighter and disappears.

#########
~#######.......# * *
~§§≈§≈.)#.##'##.#,,,# ,
≈≈§§§.)'.#...#)# .#,, ,
,,
#≈≈≈≈..###...#.##'###'##
,, ,
########.'._.).@)))....+,
, **
#.#...###o######*#####*
#####
#.#...#.....#..###...# *
###...#
#.#####....)#.......###*
#.....###.#
#..⌠.)'.........#
...)))).'.#
#....)#.........###
#.....#####
#.....#.........P♣P
###...# * *
#######............ #####
*,,,* ,,.............♣


You could see an orc knight (strong).

Vanquished Creatures
  2 orc warlords (Orc:2)
  Snorg (Lair:3)
  Josephine (D:10)
  An entropy weaver (Lair:5)
  A catoblepas (Lair:3)
  4 hydras
  2 boulder beetles
  A death knight (D:14)
  3 centaur warriors
  5 two-headed ogres
  Sonja (Lair:4)
  4 orc high priests (Orc:2)
  Urug (Orc:1)
  A skyshark (Lair:5)
  A skyshark (shapeshifter) (D:14)
  3 deep elf pyromancers
  3 orc knights (Orc:2)
  4 orc sorcerers (Orc:2)
  2 ugly things
  A manticore (D:14)
  3 black mambas
  6 elephants
  2 cyclopes
  A torpor snail (Lair:5)
  A gargoyle (D:11)
  16 cane toads
  A freezing wraith (D:14)
  2 rime drakes
  9 komodo dragons
  An efreet (D:14)
  A tengu conjurer (D:14)
  2 tyrant leeches (Lair:5)
  A queen bee (Lair:5)
  A tarantella (Lair:5)
  7 trolls
  21 blink frogs
  4 spriggans
  2 shadows (D:9)
  The ghost of DoNotCum the Conjurer, an amateur DECj (D:5)
  A hog (shapeshifter) (D:14)
  7 wraiths
  33 yaks
  7 wyverns
  6 vampire mosquitoes
  2 basilisks
  6 steam dragons
  Edmund (D:5)
  3 nagas
  3 acid dragons
  2 wargs (Orc:2)
  15 water moccasins
  37 orc warriors
  3 sky beasts
  3 black bears
  2 swamp drakes
  An ice beast (D:7)
  20 ogres
  8 wolves
  3 centaurs
  A phantom (D:5)
  5 kobold brigands
  Blork the orc (D:4)
  12 bullfrogs
  3 scorpions
  7 wights
  17 killer bees
  4 howler monkeys
  2 electric eels (Lair:5)
  3 hounds
  29 orc priests
  4 jellies
  18 orc wizards
  Ijyb (D:5)
  Natasha (D:2)
  7 hell rats (Lair:1)
  A centaur simulacrum (D:9)
  7 gnolls
  8 adders
  A white imp (D:6)
  2 ufetubi (D:5)
  2 worms
  3 dart slugs
  84 orcs
  A bat (D:1)
  7 endoplasms
  A giant cockroach (D:1)
  5 goblins
  5 hobgoblins
  A jackal (D:4)
  3 quokkas
  3 ball pythons
  4 frilled lizards
  18 kobolds
  2 rats
560 creatures vanquished.

Vanquished Creatures (collateral kills)
  Fannar (Lair:3)
  A skyshark (Lair:3)
  2 elephants (Lair:3)
  A cane toad (Lair:5)
  A bullfrog (Lair:5)
6 creatures vanquished.

Vanquished Creatures (others)
  An ogre (Lair:2)
  A wolf (Lair:2)
  A scorpion (Lair:2)
  2 killer bees (D:14)
5 creatures vanquished.

Grand Total: 571 creatures vanquished

Notes
Turn   | Place    | Note
-------+----------+-------------------------------------------
     0 | D:1      | Forgeling the Meteoran Fighter began the quest for the Orb.
     0 | D:1      | Reached XP level 1. HP: 19/19 MP: 2/2
    57 | D:1      | Reached XP level 2. HP: 17/26 MP: 3/3
   208 | D:2      | Reached XP level 3. HP: 14/31 MP: 4/4
   218 | D:2      | Identified the +6 short sword "Niatyom" {freeze, rPois rF+
                  | Dex+4}
   276 | D:2      | Reached skill level 5 in Maces & Flails
   276 | D:2      | Reached XP level 4. HP: 36/38 MP: 5/5
   299 | D:2      | Noticed Natasha
   384 | D:1      | Reached XP level 5. HP: 29/45 MP: 6/6
   399 | D:2      | Killed Natasha
   401 | D:2      | HP: 2/45 [rat (3)]
   537 | D:4      | Noticed an ogre
   537 | D:4      | Noticed a kobold brigand
   543 | D:4      | Killed an ogre
   544 | D:4      | Reached XP level 6. HP: 48/52 MP: 7/7
   562 | D:4      | Noticed Blork the orc
   580 | D:4      | Killed Blork the orc
   581 | D:4      | Reached XP level 7. HP: 29/59 MP: 8/8
   621 | D:4      | Noticed Menkaure
   627 | D:4      | Found a shimmering altar of Xom.
   678 | D:4      | Found an ornate altar of the Wu Jian Council.
   729 | D:4      | Found a shadowy altar of Dithmenos.
   763 | D:4      | Reached skill level 5 in Throwing
   763 | D:4      | Reached skill level 5 in Dodging
   763 | D:4      | Reached XP level 8. HP: 71/71 MP: 9/9
   768 | D:4      | Noticed Pikel
   835 | D:5      | Entered Level 5 of the Dungeon
   836 | D:5      | Noticed a troll
   854 | D:5      | Killed a troll
   857 | D:5      | HP: 3/73 [ufetubus (1)]
   935 | D:5      | Noticed Edmund
   948 | D:5      | Gained mutation: You passively map the area around you.
                  | [Meteoran growth]
   948 | D:5      | Reached XP level 9. HP: 49/79 MP: 10/10
   959 | D:5      | Killed Edmund
  1134 | D:5      | Noticed Ijyb
  1138 | D:5      | Killed Ijyb
  1155 | D:4      | Found a staircase to the Ecumenical Temple.
  1164 | Temple   | Entered the Ecumenical Temple
  1358 | D:5      | Found a transporter.
  1359 | D:5      | Found a transporter.
  1359 | D:5      | Noticed DoNotCum's ghost (amateur DECj)
  1360 | D:5      | Identified the +5 dire flail "Riecwoit" {heavy, Int+2}
  1374 | D:5      | Killed DoNotCum's ghost
  1548 | D:6      | Found Erugureh's Firing Range.
  1639 | D:7      | Reached XP level 10. HP: 88/88 MP: 11/11
  1672 | D:7      | Reached skill level 1 in Evocations
  1865 | D:6      | Reached skill level 5 in Evocations
  1948 | Temple   | Became a worshipper of Nemelex Xobeh the Trickster
  2172 | D:9      | Identified the "Fuse"
  2235 | D:9      | Reached XP level 11. HP: 73/95 MP: 12/12
  2318 | D:9      | Noticed a cyclops
  2326 | D:9      | Killed a cyclops
  2391 | D:10     | Entered Level 10 of the Dungeon
  2445 | D:10     | Reached * piety under Nemelex Xobeh
  2490 | D:10     | Noticed Josephine
  2497 | D:10     | Killed Josephine
  2498 | D:10     | Reached skill level 10 in Fighting
  2498 | D:10     | Reached skill level 2 in Invocations
  2514 | D:10     | Reached skill level 3 in Invocations
  2573 | D:10     | Received a gift from Nemelex Xobeh
  2619 | D:10     | Found a flagged portal.
  2629 | Bailey   | Entered a bailey
  2654 | Bailey   | Reached skill level 4 in Invocations
  2704 | Bailey   | Noticed a two-headed ogre
  2708 | Bailey   | Reached XP level 12. HP: 66/106 MP: 16/16
  2748 | Bailey   | Killed a two-headed ogre
  2749 | Bailey   | Reached skill level 5 in Invocations
  2915 | D:9      | Identified the +5 ring mail of the Vacuum {Dex+5}
  2915 | D:9      | Found the +5 moon troll leather armour {Spirit, Regen++
                  | MP+5}
  3004 | D:9      | Noticed a two-headed ogre
  3008 | D:9      | Killed a two-headed ogre
  3009 | D:9      | Reached skill level 6 in Invocations
  3016 | D:9      | Reached skill level 10 in Armour
  3108 | D:9      | Found a burning altar of Makhleb.
  3184 | D:10     | Found an opulent altar of Gozag.
  3192 | D:10     | Noticed a two-headed ogre
  3197 | D:10     | Killed a two-headed ogre
  3198 | D:10     | Reached skill level 7 in Invocations
  3254 | D:12     | Reached ** piety under Nemelex Xobeh
  3254 | D:12     | Received a gift from Nemelex Xobeh
  3269 | D:12     | Reached skill level 8 in Invocations
  3314 | D:13     | Noticed a centaur warrior
  3402 | D:14     | Noticed a six-headed hydra
  3411 | D:14     | Noticed a death knight
  3412 | D:14     | Killed a six-headed hydra
  3413 | D:14     | Reached skill level 9 in Invocations
  3436 | D:14     | Killed a death knight
  3437 | D:14     | Reached skill level 10 in Invocations
  3470 | D:14     | Noticed a deep elf pyromancer
  3473 | D:14     | Killed a deep elf pyromancer
  3498 | D:14     | Noticed a centaur warrior
  3498 | D:14     | Noticed a seven-headed hydra
  3501 | D:14     | Noticed an ironbound preserver
  3521 | D:13     | Noticed a centaur warrior
  3531 | D:13     | Killed a centaur warrior
  3532 | D:13     | Reached skill level 11 in Invocations
  3561 | D:14     | Noticed a deep elf pyromancer
  3562 | D:14     | Found a gate to the Vaults.
  3585 | D:14     | Noticed a shock serpent
  3590 | D:14     | Noticed a centaur warrior
  3590 | D:14     | a shock serpent changed into a skyshark
  3590 | D:14     | Noticed a skyshark (shapeshifter)
  3595 | D:14     | Reached XP level 13. HP: 64/113 MP: 14/22
  3605 | D:14     | Killed a centaur warrior
  3606 | D:14     | Reached skill level 12 in Invocations
  3611 | D:14     | Noticed a four-headed hydra
  3629 | D:15     | Entered Level 15 of the Dungeon
  3638 | D:15     | Found a portal to a secret trove of treasure.
  3729 | D:15     | Reached skill level 13 in Invocations
  3732 | D:15     | Identified the ring of Royalty {Fly rF+ rCorr}
  3754 | D:15     | Noticed a boulder beetle
  3766 | D:15     | Killed a boulder beetle
  3811 | D:14     | Killed a centaur warrior
  3896 | D:11     | Found a staircase to the Lair.
  3903 | D:11     | Reached skill level 14 in Invocations
  3918 | Lair:1   | Entered Level 1 of the Lair of Beasts
  3918 | Lair:1   | Reached *** piety under Nemelex Xobeh
  4080 | Lair:1   | Received a gift from Nemelex Xobeh
  4113 | Lair:2   | Reached skill level 15 in Invocations
  4196 | Lair:2   | a wolf changed into a rockslime
  4196 | Lair:2   | Noticed a rockslime
  4205 | Lair:2   | Noticed a boulder beetle
  4213 | Lair:2   | Killed a boulder beetle
  4270 | Lair:2   | Received a gift from Nemelex Xobeh
  4301 | Lair:2   | Reached skill level 16 in Invocations
  4361 | Lair:3   | Noticed a catoblepas
  4374 | Lair:3   | Killed a catoblepas
  4418 | Lair:3   | Reached **** piety under Nemelex Xobeh
  4476 | Lair:3   | Noticed Snorg
  4492 | Lair:5   | Entered Level 5 of the Lair of Beasts
  4507 | Lair:5   | Reached XP level 14. HP: 69/121 MP: 22/27
  4639 | Lair:5   | Reached skill level 17 in Invocations
  4691 | Lair:5   | Received a gift from Nemelex Xobeh
  4805 | Lair:5   | Reached skill level 18 in Invocations
  4971 | Lair:5   | Reached skill level 19 in Invocations
  5031 | Lair:5   | Reached ***** piety under Nemelex Xobeh
  5033 | Lair:5   | Received a gift from Nemelex Xobeh
  5226 | Lair:4   | Found a runed translucent door.
  5233 | Lair:4   | Noticed Agan's ghost (journeyman MeSh)
  5281 | Lair:4   | Received a gift from Nemelex Xobeh
  5334 | Lair:4   | Reached skill level 20 in Invocations
  5344 | Lair:4   | Reached XP level 15. HP: 87/126 MP: 22/30
  5375 | Lair:4   | Noticed Sonja
  5378 | Lair:4   | Killed Sonja
  5383 | Lair:4   | Found a staircase to the Slime Pits.
  5471 | Lair:3   | Found a runed translucent door.
  5472 | Lair:3   | Found a shimmering altar of Xom.
  5472 | Lair:3   | Noticed Persephone's ghost (journeyman DsBe)
  5536 | Lair:3   | Received a gift from Nemelex Xobeh
  5657 | Lair:3   | Killed Snorg
  5671 | Lair:3   | Noticed Fannar
  5688 | Lair:3   | Reached skill level 21 in Invocations
  5692 | Lair:3   | Killed Fannar
  5840 | Lair:2   | Found a staircase to the Shoals.
  5979 | D:11     | Found a transporter.
  5997 | D:11     | Identified the +3 war axe of Analysis {venom, Fragile Int+2
                  | Dex+4}
  6099 | D:9      | Found a staircase to the Orcish Mines.
  6152 | D:9      | Received a gift from Nemelex Xobeh
  6223 | Orc:1    | Entered Level 1 of the Orcish Mines
  6223 | Orc:1    | Noticed Urug
  6231 | Orc:1    | Killed Urug
  6267 | Orc:2    | Entered Level 2 of the Orcish Mines
  6279 | Orc:2    | Reached skill level 22 in Invocations
  6338 | Orc:2    | Reached skill level 5 in Axes
  6418 | Orc:2    | HP: 1/126 [orc warrior/+0 glaive (14)]
  6438 | Orc:2    | Noticed an orc warlord
  6445 | Orc:2    | Killed an orc warlord
  6548 | Orc:2    | Received a gift from Nemelex Xobeh
  6678 | Orc:2    | Reached skill level 10 in Axes
  6754 | Orc:2    | Found Ixkixu Tachy's Assorted Antiques.
  6796 | Orc:2    | Found Lenak's Assorted Antiques.
  6851 | Orc:2    | Bought a kite shield for 175 gold pieces
  6886 | Orc:2    | Reached XP level 16. HP: 134/134 MP: 32/32
  7075 | Orc:2    | Mangled by an orc knight

Illustrated notes

Levels and vault maps discovered:
D:1:      lightli_arrival_noodles, layout_basic, minivault_4,
          minmay_tetromino_l4
D:2:      layout_basic, hangedman_decor_clover_reticule, minmay_statues_item,
          uniq_natasha, uniq_crazy_yiuf_cottage
D:3:      layout_rooms
D:4:      layout_rooms, mainiacjoe_overflow_small_starburst,
          pdpol_wu_jian_five_deadly_venoms, mainiacjoe_overflow_six_doors_small,
          minmay_temple_entry_overgrown, uniq_blork_the_orc, uniq_menkaure,
          uniq_pikel
D:5:      layout_basic, mainiacjoe_overflow_boulevard, gammafunk_ghost_smash,
          serial_shops, shop, uniq_ijyb, uniq_edmund
D:6:      layout_basic, lemuel_mausoleum_altar_kikubaaqudgha,
          nicolae_shop_firing_range, uniq_grinder, uniq_sigmund
D:7:      layout_basic, mainiacjoe_overflow_alcove_2
D:8:      layout_loops_corners, nicolae_ru_great_annihilating_truth,
          gammafunk_ghost_icy, grunt_ministairs_15
D:9:      minmay_the_grid_four_pointed_star
          [minmay_the_grid_triangle_9x9_dagger,
          minmay_the_grid_triangle_9x9_skeleton,
          minmay_the_grid_triangle_9x9_zippers_horizontal,
          minmay_the_grid_triangle_9x9_checkered,
          minmay_the_grid_prize_diamond_cup], layout_basic, bloody_makhleb,
          erik_orc_1
D:10:     layout_cave_pods, grunt_gozag_statues, enter_bailey_2, uniq_harold,
          uniq_josephine
D:11:     layout_roguey, lair_entry_dummy, gammafunk_ghost_stat_death,
          serial_shops, nicolae_shop_just_a_little_nook
D:12:     layout_rooms, evilmike_butchery
D:13:     lemuel_troll_bridge, layout_basic, ebering_ghost_rock_garden,
          nicolae_qazlal_scattered_showers
D:14:     hangedman_what_comes_after_a, layout_loops_corners,
          skrybe_vaults_entry_preservation, wad_rectangle_vault, uniq_frances
D:15:     grunt_enter_depths_hoard, layout_basic, lemuel_doored_altar,
          nicolae_trove_entry_diagonal
Temple:   nicolae_temple_bog_church
Lair:1:   layout_chaotic_city
Lair:2:   layout_chaotic_city, elwin_shoals_entry_rocks,
          minmay_snake_entry_guardpost_large, beast_lair_carwin_3,
          infiniplex_staircase_pool
Lair:3:   layout_regular_city, ebering_ghost_xom, wad_woods_road_05,
          grunt_megastairs_4, infiniplex_staircase_pool_2, uniq_snorg,
          uniq_fannar
Lair:4:   layout_hall_layers, nicolae_slime_entry_slimehenge,
          hellmonk_ghost_happy_afterlife, uniq_sonja
Lair:5:   minmay_lair_end_frog_pond, layout_regular_city
Orc:1:    layout_diamond_mine, serial_shops, uniq_urug
Orc:2:    pubby_orc_utopia

Skill      XL: |  1  2  3  4  5  6  7  8  9 10 11 12 13 14 15 16 |
---------------+-------------------------------------------------+-----
Maces & Flails | 3 4 5 6 7 8 12 13 14 | 14.0
Fighting       | 4 6 7 8 10 | 10.0
Throwing       | 5 6 |  6.0
Armour         | 6 7 9 10 | 10.0
Dodging        | 5 |  5.0
Shields        | 6 |  6.2
Evocations     | 5 6 7 |  7.0
Invocations    | 4 11 16 20 22 | 22.0
Axes           | 11 13 | 13.3

Action                     |  1- 3 |  4- 6 |  7- 9 | 10-12 | 13-15 | 16-18 || total
---------------------------+-------+-------+-------+-------+-------+-------++-------
  Melee: Flail             |    56 |       |       |       |       |       ||    56
         Short sword       |     5 |    85 |    97 |       |     5 |       ||   192
         Dire flail        |       |       |    41 |   278 |   614 |       ||   933
         Broad axe         |       |       |       |       |   225 |    48 ||   273
         Punch             |       |       |       |       |     1 |       ||     1
  Throw: Dart              |       |       |     8 |    13 |     9 |       ||    30
         Boomerang         |       |       |       |     5 |       |       ||     5
 Invoke: Draw Destruction  |       |       |       |     6 |    19 |     6 ||    31
         Draw Escape       |       |       |       |     2 |       |       ||     2
         Draw Summoning    |       |       |       |     1 |     3 |       ||     4
         Deal Four         |       |       |       |       |     1 |       ||     1
  Evoke: Wand              |       |       |       |     2 |       |       ||     2
         Tin of tremorston |       |       |       |     1 |     1 |       ||     2
    Use: Scroll            |       |     1 |     9 |     7 |     5 |       ||    22
         Potion            |       |       |     3 |     1 |     1 |       ||     5
   Stab: Petrified         |       |       |       |       |     7 |       ||     7
 Armour: Scale mail        |    53 |    79 |    92 |       |       |       ||   224
         Chain mail        |       |       |    35 |   172 |       |       ||   207
         Skin              |       |       |    18 |       |       |       ||    18
         Troll leather arm |       |       |       |   108 |   820 |    23 ||   951
  Dodge: Dodged            |    27 |    52 |   112 |   147 |   623 |    18 ||   979
  Block: Buckler           |    18 |    34 |    41 |       |       |       ||    93
         Kite shield       |       |       |       |       |     5 |    17 ||    22

Table legend: (Time is in decaauts)
 A = Elapsed time spent in this place.
 B = Non-inter-level travel time spent in this place.
 C = Inter-level travel time spent in this place.
 D = Time resting spent in this place.
 E = Time spent auto-exploring this place.
 F = Levels seen in this place.
 G = Mean time per level.
                   A        B        C        D        E       F      G
               +--------+--------+--------+--------+--------+-----+--------+
         Total |   7046 |   6726 |    320 |    103 |      1 |  24 |  293.6 |
       Dungeon |   3931 |   3760 |    171 |     51 |      1 |  15 |  262.1 |
        Temple |     72 |      1 |     71 |      0 |      0 |   1 |   72.0 |
          Lair |   1997 |   1997 |      0 |      0 |      0 |   5 |  399.4 |
  Orcish Mines |    851 |    773 |     78 |     28 |      0 |   2 |  425.5 |
        Bailey |    193 |    193 |      0 |     24 |      0 |   1 |  193.0 |
               +--------+--------+--------+--------+--------+-----+--------+

Top non-repeatable levels by time:
   Orc:2: 779 daAuts
     D:9: 682 daAuts
  Lair:5: 589 daAuts
     D:5: 473 daAuts
  Lair:3: 423 daAuts
  Lair:4: 399 daAuts
  Lair:2: 374 daAuts
     D:4: 372 daAuts
     D:6: 358 daAuts
    D:10: 357 daAuts
     D:1: 297 daAuts
    D:14: 262 daAuts
  Lair:1: 209 daAuts
     D:7: 201 daAuts
     D:2: 196 daAuts
